 Dungeon Crawl Stone Soup version 0.29.1-2-gbd0b4ee654 (webtiles) character file.

Game seed: 10119178050663793531

514 cdecastro the Sneak (level 7, -9/36 HPs)
             Began as a Kobold Enchanter on Nov 19, 2022.
             Was a Believer of Cheibriados.
             Mangled by Menkaure (21 damage)
             ... on level 5 of the Dungeon.
             The game lasted 00:07:28 (4274 turns).

cdecastro the Sneak (Kobold Enchanter)              Turns: 4274, Time: 00:07:29

Health: -9/36      AC:  4    Str:  9    XL:     7   Next: 44%
Magic:  7/10       EV: 15    Int: 23    God:    Cheibriados [**....]
Gold:   309        SH:  0    Dex: 19    Spells: 2/10 levels left

rFire   . . .      SeeInvis .   a - +3 dagger (venom)
rCold   . . .      Faith    .   (no shield)
rNeg    . . .      Spirit   .   p - +0 robe
rPois   .          Reflect  .   (no helmet)
rElec   .          Harm     .   (no cloak)
rCorr   .          Rampage  .   (no gloves)
Will    .....                   s - +1 pair of boots
Stlth   +++++.....              (no amulet)
HPRegen 0.12/turn               (no ring)
MPRegen 0.12/turn               (no ring)

@: confusing by touch, invisible, very slow
A: small, no large weapons, nightstalker 3
a: Renounce Religion, Bend Time


You were on level 5 of the Dungeon.
You worshipped Cheibriados.
Cheibriados was pleased with you.
You visited 1 branch of the dungeon, and saw 5 of its levels.

You collected 309 gold pieces.

Inventory:

Hand Weapons
 a - a +3 dagger of venom (weapon)
 b - the +0 sling of Kirphuna {venom, Dex+4}
   (You found it on level 2 of the Dungeon)

   Any ammunition fired from it poisons the flesh of those it strikes.
   Dex:       It affects your dexterity (+4).
 C - a +1 dagger
Missiles
 o - 12 poisoned darts
Armour
 p - a +0 robe (worn)
 s - a +1 pair of boots (worn)
 x - a +0 leather armour
Jewellery
 f - a ring of positive energy
Scrolls
 i - 2 scrolls of immolation {unknown}
 j - a scroll of enchant armour {unknown}
 l - 6 scrolls of identify {unknown}
 m - 4 scrolls of teleportation {unknown}
 q - a scroll of brand weapon {unknown}
 t - a scroll of magic mapping {unknown}
 u - 3 scrolls of fear {unknown}
 v - a scroll of amnesia {unknown}
 w - a scroll of poison {unknown}
 y - a scroll of butterflies {unknown}
 z - a scroll of blinking {unknown}
 A - a scroll of silence {unknown}
Potions
 c - 2 potions of invisibility
 d - a potion of heal wounds {unknown}
 e - 2 potions of cancellation {unknown}
 g - 3 potions of mutation {unknown}
 h - 7 potions of curing {unknown}
 k - 3 potions of degeneration {unknown}
 n - 2 potions of lignification {unknown}
 r - 2 potions of berserk rage {unknown}
 B - a potion of haste


   Skills:
 - Level 1.3 Short Blades
 - Level 2.4 Dodging
 + Level 7.2 Stealth
 - Level 2.1 Spellcasting
 * Level 6.7 Hexes


You had 2 spell levels left.
You knew the following spells:

 Your Spells              Type           Power      Damage    Failure   Level
a - Ensorcelled Hibernat  Hex/Ice        36%        N/A       4%          2
b - Confusing Touch       Hex            33%        N/A       2%          3
c - Tukima's Dance        Hex            33%        N/A       2%          3

Your spell library contained the following spells:

 Spells                   Type           Power      Damage    Failure   Level
 Static Discharge         Conj/Air       2%         3-4/arc   19%         2
 Dazzling Flash           Conj/Hex       36%        N/A       10%         3
 Lightning Bolt           Conj/Air       1%         1d12      98%         5
 Maxwell's Capacitive Co  Air            1%         ∞         100%        8


Dungeon Overview and Level Annotations

Branches:
Dungeon (5/15)
 Temple: D:4-7

Altars:
Cheibriados
Gozag
Makhleb
Xom

Shops:
D:3 (

Annotations:
D:2 Sigmund
D:5 Menkaure


Innate Abilities, Weirdness & Mutations

You are small and have problems with some larger weapons.
You are completely attuned to the shadows.


Message History

You kill the iguana!
Cheibriados thoroughly appreciates the change of pace.
Your Stealth skill increases to level 7!
You hit the black bear.
The black bear is poisoned.
The black bear is lightly wounded.
You hit the black bear.
The black bear looks as sick as possible!
The black bear is moderately wounded.
The black bear misses you. The black bear closely misses you.
The black bear misses you.
Menkaure mumbles some strange words.
Menkaure seems to speed up.
You closely miss the black bear.
The black bear is moderately wounded.
Menkaure gestures at you while chanting.
You struggle to resist.
The black bear barely misses you. The black bear completely misses you.
The black bear closely misses you.
You hit the black bear.
The black bear looks as sick as possible!
The black bear is heavily wounded.
Menkaure hits you! The black bear closely misses you. x3
You strike the helpless black bear from behind!
You puncture the black bear!
You kill the black bear!
Cheibriados thoroughly appreciates the change of pace.
Cheibriados raises the support of your attributes as your movement slows.
Menkaure hits you!
* * * LOW HITPOINT WARNING * * *
Menkaure misses you.
Unknown command.
Press: ? - help, v - describe, . - travel
Here: Menkaure (fast)
The floor, spattered with blood.
Unknown command.
Unknown command.
Casting: Ensorcelled Hibernation (safe; 4% risk of failure)
Confirm with . or Enter, or press ? or * to list all spells.
Your hands begin to glow red.
Menkaure hits you!!
Ouch! That really hurt!
You die...

#.. ... #.#
.##########.#
....#.......### ###
..##.M@.##.....# #..
.h...#..##....)# #..
.###.#.........######..
#.###............#..
M....#...........#..
..##.#...........#..
#.##.#+##.....#.. #.
.#........###
.###......#


You could see Menkaure (fast).

Vanquished Creatures
  A black bear (D:5)
  A crimson imp (D:3)
  2 hounds (D:5)
  3 orc wizards
  3 iguanas
  4 gnolls (D:4)
  7 adders
  A shadow imp (D:5)
  2 worms
  6 orcs
  3 ball pythons
  6 bats
  8 endoplasms
  A giant cockroach (D:4)
  5 goblins
  6 hobgoblins
  2 quokkas
  2 frilled lizards
  5 kobolds
  3 rats
71 creatures vanquished.

Vanquished Creatures (others)
  4 fungi (D:3)
4 creatures vanquished.

Grand Total: 75 creatures vanquished

Notes
Turn   | Place    | Note
-------+----------+-------------------------------------------
     0 | D:1      | cdecastro the Kobold Enchanter began the quest for the Orb.
     0 | D:1      | Reached XP level 1. HP: 10/10 MP: 3/3
   509 | D:1      | Reached XP level 2. HP: 15/15 MP: 5/5
   512 | D:1      | Learned a level 2 spell: Ensorcelled Hibernation
  1078 | D:2      | Noticed Sigmund
  1217 | D:2      | Noticed a ynoxinul
  1222 | D:2      | Found a faded altar of an unknown god.
  1235 | D:2      | Reached XP level 3. HP: 19/19 MP: 3/6
  1456 | D:2      | Identified the +0 sling of Kirphuna {venom, Dex+4}
  1939 | D:3      | Found a snail-covered altar of Cheibriados.
  2087 | D:3      | Became a worshipper of Cheibriados the Contemplative
  2140 | D:3      | Found Itosch's Antique Weapon Shoppe.
  2280 | D:3      | Reached XP level 4. HP: 24/24 MP: 7/7
  2306 | D:3      | Reached skill level 5 in Stealth
  2510 | D:3      | Found a shimmering altar of Xom.
  2510 | D:3      | Found a burning altar of Makhleb.
  2667 | D:3      | Reached XP level 5. HP: 28/28 MP: 8/8
  2946 | D:4      | Reached skill level 5 in Hexes
  3111 | D:4      | Reached skill level 6 in Stealth
  3111 | D:4      | Reached XP level 6. HP: 25/32 MP: 6/9
  3179 | D:4      | Learned a level 3 spell: Confusing Touch
  3183 | D:4      | Learned a level 3 spell: Tukima's Dance
  3198 | D:4      | Reached * piety under Cheibriados
  3401 | D:4      | Found an opulent altar of Gozag.
  3984 | D:5      | Entered Level 5 of the Dungeon
  4058 | D:5      | Reached XP level 7. HP: 36/36 MP: 10/10
  4259 | D:5      | Noticed Menkaure
  4268 | D:5      | Reached skill level 7 in Stealth
  4273 | D:5      | Reached ** piety under Cheibriados
  4274 | D:5      | Mangled by Menkaure

Illustrated notes

Levels and vault maps discovered:
D:1:      amcnicky_arrival_gap_in_the_tavern_cellar, layout_basic
D:2:      layout_rooms, dreamdust_ecumenical_altar_sealed_demon,
          skrybe_limestone_x, uniq_sigmund
D:3:      layout_basic, grunt_temple_overflow_champion_of_chaos,
          mainiacjoe_overflow_chevrons, serial_shops, nicolae_shop_waterfront,
          kennysheep_generic_room_8
D:4:      layout_rooms, mainiacjoe_overflow_six_doors_small,
          kennysheep_decorative_pillar
D:5:      layout_basic, uniq_crazy_yiuf_cottage, uniq_menkaure

Skill      XL: |  1  2  3  4  5  6  7 |
---------------+----------------------+-----
Hexes          | 4 5 6 |  6.7
Stealth        | 5 6 7 |  7.2
Short Blades   | |  1.3
Dodging        | |  2.4
Spellcasting   | |  2.1

Action                   |  1- 3 |  4- 6 |  7- 9 || total
-------------------------+-------+-------+-------++-------
Melee: Dagger            |    50 |    59 |    16 ||   125
 Fire: Sling             |     8 |       |       ||     8
 Cast: Ensorcelled Hiber |    10 |    20 |     1 ||    31
       Confusing Touch   |       |       |     1 ||     1
  Use: Potion            |       |       |     1 ||     1
 Stab: Sleeping          |    21 |    31 |     1 ||    53
       Invisible         |       |       |     1 ||     1
Armor: Robe              |     4 |     8 |     4 ||    16
Dodge: Dodged            |    53 |    31 |    17 ||   101
